 Dungeon Crawl Stone Soup version 0.27-a0-1119-gbf574a6a6b (webtiles) character file.

Game seed: 11797081068875103751

11 sankara the Magician (level 2, 21/21 HPs)
             Began as a Djinni Fire Elementalist on May 2, 2021.
             Was a Follower of Okawaru.
             Got out of the dungeon alive.
             The game lasted 00:03:20 (610 turns).

sankara the Magician (Djinni Fire Elementalist)      Turns: 610, Time: 00:03:21

Health: 21/21      AC:  2    Str:  7    XL:     2   Next: 29%
Gold:   6          EV: 16    Int: 16    God:    Okawaru [*.....] SH:  0 Dex: 13

rFire    + + .     SeeInvis .   a - +0 dagger (venom)
rCold    x . .     Faith    .   (no shield)
rNeg     . . .     Spirit   .   h - +0 robe
rPois    ∞         Reflect  .   (no helmet)
rElec    .         Harm     .   (no cloak)
rCorr    .         Rampage  .   (no gloves)
Will     +....                  (boots unavailable)
Stlth    ++........             (no amulet)
HPRegen  0.07/turn              d - ring of willpower
MPRegen  0.00/turn              g - +4 ring of evasion

@: flying
A: fire resistance 2, cold vulnerability 1, float, innate caster, hp casting,
extra vitality 1
a: Renounce Religion, Heroism


You escaped.
You worshipped Okawaru.
Okawaru was aware of your devotion.
You visited 1 branch of the dungeon, and saw 1 of its levels.

You collected 6 gold pieces.

Inventory:

Hand Weapons
 a - a +0 dagger of venom (weapon)
   (You took it off a goblin on level 1 of the Dungeon)
Armour
 f - a +0 kite shield
   (You found it on level 1 of the Dungeon)
 h - a +0 robe (worn)
Jewellery
 c - an amulet of faith {Faith, !P}
   (You found it on level 1 of the Dungeon)
 d - a ring of willpower (left hand)
   (You found it on level 1 of the Dungeon)
 g - a +4 ring of evasion (right hand)
   (You found it on level 1 of the Dungeon)
 i - a ring of poison resistance {rPois, !d}
   (You found it on level 1 of the Dungeon)
Scrolls
 e - a scroll of noise {unknown}
 j - a scroll of enchant weapon {unknown}
Potions
 b - 2 potions of curing {unknown}
 k - a potion of brilliance {unknown}
 l - 2 potions of mutation {unknown}


   Skills:
 + Level 2.7 Dodging
 - Level 1.5 Stealth
 + Level 3.0 Spellcasting


You couldn't memorise any spells.
You knew the following spells:

 Your Spells              Type           Power      Damage    Failure   Level
a - Foxfire               Conj/Fire      48%        2x1d6     5%          1
b - Conjure Flame         Conj/Fire      12%        6-21      16%         3
c - Inner Flame           Hex/Fire       12%        N/A       16%         3
d - Sticky Flame          Conj/Fire      12%        2d4       47%         4
e - Fireball              Conj/Fire      6%         3d5       83%         5
Your spell library was empty.

Dungeon Overview and Level Annotations

Branches:
Dungeon (1/15)

Altars:
Okawaru


Innate Abilities, Weirdness & Mutations

You are immune to poison.
Your flesh is very heat resistant. (rF++)
You are vulnerable to cold. (rC-)
You float through the air rather than walking.
You learn spells naturally, not from books.
Your magical power is your life essence.
You have superior vitality. (+4 HP)


Message History

Confirm with . or Enter, or press ? or * to list all spells.
You conjure some foxfire!
The foxfire hits the rat.
The rat is severely wounded.
The foxfire hits the rat.
You kill the rat!
b - 2 yellow potions (gained 1)
Found a stone staircase leading down.
You now have 6 gold pieces.
Found a stone staircase leading down.
g - a +4 ring of evasion
g - a +4 ring of evasion (right hand)
A rat comes into view.
Sorry, you're not good enough to have a special ability.
Casting: Foxfire (safe; 6% risk of failure)
Confirm with . or Enter, or press ? or * to list all spells.
You conjure some foxfire!
The foxfire hits the rat.
You kill the rat!
You have reached level 2!
Your foxfire dissipates!
An endoplasm comes into view.
Casting: Foxfire (safe; 6% risk of failure)
Confirm with . or Enter, or press ? or * to list all spells.
You conjure some foxfire!
The endoplasm quivers.
The foxfire hits the endoplasm.
The endoplasm is almost dead.
The foxfire hits the endoplasm.
You kill the endoplasm!
A goblin comes into view. It is wielding a +0 dagger of venom.
Casting: Foxfire (safe; 5% risk of failure)
Confirm with . or Enter, or press ? or * to list all spells.
You conjure some foxfire!
The foxfire hits the goblin.
You kill the goblin!
Your foxfire dissipates!
You see here a +0 dagger of venom.
h - a +0 dagger of venom
i - a ring of poison resistance {rPois, !d} Your +0 dagger of venom begins to drip with poison!
h - a +0 dagger of venom (weapon)
Adjust (i)tems, (s)pells, or (a)bilities?
h - a +0 dagger of venom (weapon)
Adjust to which letter? (? for menu, Esc to quit)
a - a +0 dagger of venom (weapon);
h - a +0 robe (worn)
Drop what? 9/52 slots (_ for help) (? for menu, Esc to quit)
You drop a +0 club.
A goblin comes into view. It is wielding a +0 dagger.
Okay, then.
Casting: Foxfire (safe; 5% risk of failure)
Confirm with . or Enter, or press ? or * to list all spells.
You conjure some foxfire!
The goblin shouts!
The foxfire hits the goblin.
You kill the goblin!
Your Spellcasting skill increases to level 3!
Your foxfire dissipates!
c - an amulet of faith {Faith, !P}
Things that are here:
a +0 dagger; a goblin corpse
j - a scroll labelled FIUCRAT WIBU
k - a murky coppery potion A goblin comes into view.
It is wielding a +0 dagger.
A goblin is nearby!
The goblin shouts!
Casting: Foxfire (safe; 5% risk of failure)
Confirm with . or Enter, or press ? or * to list all spells.
You conjure some foxfire!
The foxfire hits the goblin.
The goblin is moderately wounded.
The foxfire hits the goblin.
You kill the goblin!
You see here a +0 dagger.
l - 2 fuming clear potions Key pressed, stopping explore.
You reach down and open the door.
You reach down and open the door.
Found a faded altar of an unknown god.
There is an open door here.
Done exploring.
Done exploring.
There is an open door here.
There is a faded altar of an unknown god here.
You cannot tell which god this altar belongs to.
Convert to them anyway?
Okawaru accepts your prayer! Okawaru welcomes you!
You can now gain great but temporary skills.
Done exploring.
Done exploring.
Done exploring.
Done exploring.
Done exploring.
Done exploring.
Done exploring.
There is an open door here.
There is an escape hatch in the floor here.
There is a staircase leading out of the dungeon here.
Are you sure you want to leave the Dungeon?
This will make you lose the game!
You have escaped!

##..#...#.###.###.# ##†
##...#.#.#.# #.###.# ###
####....#...#.# #...#.# #..
##.......#.#.#.#####...###.#
#..###.#.#...#..# ##.......
#.########.>.########..#..##
#.# #.............##..##....
#.# #.............#..#......
#.# #......@......#.........
##.#
#.............#....#....
#..#
#.............#..###...(
#.## ###############.##
#.... #)# ##...............#
#.... #.# #.........^...####
#.... #.####.#########.##
#.... #......# #.# #....
######## #.# #####


There were no monsters in sight!

Vanquished Creatures
  2 bats (D:1)
  2 endoplasms (D:1)
  3 goblins (D:1)
  A kobold (D:1)
  3 rats (D:1)
11 creatures vanquished.

Vanquished Creatures (others)
  25 foxfires (D:1)
25 creatures vanquished.

Grand Total: 36 creatures vanquished

Notes
Turn   | Place    | Note
-------+----------+-------------------------------------------
     0 | D:1      | sankara the Djinni Fire Elementalist began the quest for
                  | the Orb.
     0 | D:1      | Reached XP level 1. HP: 15/15 MP: 0/0
   244 | D:1      | Reached XP level 2. HP: 19/21 MP: 0/0
   318 | D:1      | Reached skill level 3 in Spellcasting
   534 | D:1      | Found a faded altar of an unknown god.
   581 | D:1      | Became a worshipper of Warmaster Okawaru
   581 | D:1      | Reached * piety under Okawaru
   610 | D:$      | Got out of the dungeon alive.

Illustrated notes

Levels and vault maps discovered:
D:1:      lemuel_arrival_hallway, layout_rooms,
          shapermc_ecumenical_altar_mp_vishouse

Skill      XL: |  1  2 |
---------------+-------+-----
Spellcasting   | 3 |  3.0
Dodging        | |  2.7
Stealth        | |  1.5

Action                   || total
-------------------------++-------
 Cast: Foxfire           ||    14
Armor: Robe              ||     1
Dodge: Dodged            ||     2

Table legend: (Time is in decaauts)
 A = Elapsed time spent in this place.
 B = Non-inter-level travel time spent in this place.
 C = Inter-level travel time spent in this place.
 D = Time resting spent in this place.
 E = Time spent auto-exploring this place.
 F = Levels seen in this place.
 G = Mean time per level.
                   A        B        C        D        E       F      G
               +--------+--------+--------+--------+--------+-----+--------+
         Total |    608 |    556 |     52 |     51 |    413 |   1 |  608.0 |
       Dungeon |    608 |    556 |     52 |     51 |    413 |   1 |  608.0 |
               +--------+--------+--------+--------+--------+-----+--------+

Top non-repeatable levels by time:
     D:1: 608 daAuts

Table legend:
 A = Kills in this place as a percentage of kills in entire the game.
 B = Kills by you in this place as a percentage of kills by you in the entire game.
 C = Kills by friends in this place as a percentage of kills by friends in the entire game.
 D = Other kills in this place as a percentage of other kills in the entire game.
 E = Experience gained in this place as a percentage of experience gained in the entire game.
 F = Experience gained in this place divided by the number of levels of this place that you have seen.
                   A       B       C       D       E      F
               +-------+-------+-------+-------+-------+----------------------
         Total | 100.0 | 100.0 |   N/A |   N/A | 100.0 |  17.0
       Dungeon | 100.0 | 100.0 |   N/A |   N/A | 100.0 |  17.0
               +-------+-------+-------+-------+-------+----------------------
